 Dungeon Crawl Stone Soup version 0.20-b1-14-g8425815 (webtiles) character file.

2391 Romche the Grappler (level 9, -4/75 HPs)
             Began as a Ghoul Monk on May 23, 2017.
             Was a Priest of Trog.
             Slain by a two-headed ogre
             ... wielding a +0 giant club
              (15 damage)
             ... on level 8 of the Dungeon.
             The game lasted 00:57:27 (8916 turns).

Romche the Grappler (Ghoul Monk)                    Turns: 8916, Time: 00:57:28

Health: -4/75      AC:  5    Str: 18    XL:     9   Next: 46%
Magic:  8/8        EV: 14    Int:  5    God:    Trog [***...]
Gold:   301        SH:  0    Dex: 11    Spells: 8/8 levels left

rFire    x . .     SeeInvis .     - Unarmed
rCold    + + +     Gourm    .   (no shield)
rNeg     + + +     Faith    .   t - +0 animal skin
rPois    ∞         Spirit   .   O - +0 helmet
rElec    .         Reflect  .   (no cloak)
rCorr    .         Harm     .   C - +1 pair of gloves
MR       .....                  (no boots)
Stlth    +++.......             (no amulet)
Regen    0.0/turn               g - ring of ice
MPRegen  0.2/turn               r - ring of protection from cold

@: rotting
A: rotting body, claws 1, carnivore 3, cold resistance 1, negative energy
resistance 3, inhibited regeneration, torment resistance, unbreathing
a: Trog's Hand, Burn Spellbooks, Renounce Religion


You were on level 8 of the Dungeon.
You worshipped Trog.
Trog was most pleased with you.
You were not hungry.

You visited 2 branches of the dungeon, and saw 9 of its levels.

You collected 301 gold pieces.

Inventory:

Hand Weapons
 a - a +2 whip of flaming
 e - a +4 dagger of freezing
 q - a +10 club
 x - a +2 falchion of protection
 y - a +0 dagger of venom
 D - a +2 flail of holy wrath
 I - a +2 short sword of electrocution
Missiles
 c - 38 arrows
 o - 23 poisoned needles
 M - 8 needles of confusion (quivered)
 N - 8 curare-tipped needles
Armour
 d - a +0 robe
 t - a +0 animal skin (worn)
 w - a +1 naga barding
 B - a +0 robe
 C - a +1 pair of gloves (worn)
 J - a +1 leather armour of magic resistance
 O - a +0 helmet (worn)
Jewellery
 g - a ring of ice (left hand)
 r - a ring of protection from cold (right hand)
 z - an uncursed amulet of guardian spirit {unknown}
Wands
 n - a wand of digging (16/24)
 K - a wand of confusion (26/48)
Scrolls
 h - 4 scrolls of amnesia {unknown}
 i - 2 scrolls of enchant weapon {unknown}
 k - 4 scrolls of fog {unknown}
 m - 6 scrolls of identify
 s - 4 scrolls of recharging {unknown}
 u - 2 scrolls of fear {unknown}
 v - a scroll of magic mapping
 E - 4 scrolls of blinking {unknown}
 G - 2 scrolls of teleportation {unknown}
Potions
 b - 2 potions of ambrosia
 j - a potion of berserk rage
 l - 4 potions of curing {unknown}
 A - a potion of magic {unknown}
 F - a potion of cancellation {unknown}
 H - a potion of agility {unknown}
Comestibles
 f - 4 royal jellies
 p - a meat ration
 L - 9 chunks of flesh


   Skills:
 + Level 5.8 Fighting
 + Level 5.7 Dodging
 + Level 4.5 Stealth
 + Level 10.9 Unarmed Combat


You had 8 spell levels left.
You didn't know any spells.

Dungeon Overview and Level Annotations

Branches:
Dungeon (8/15)             Temple (1/1) D:7
   Lair: D:8-11

Altars:
Ashenzari
Cheibriados
Dithmenos
Elyvilon
Fedhas
Gozag
Hepliaklqana
Kikubaaqudgha
Makhleb
Nemelex Xobeh
Okawaru
Qazlal
Ru
Sif Muna
Trog
Uskayaw
Vehumet
Xom
Yredelemnul
Zin
The Shining One

Shops:
D:7 :


Innate Abilities, Weirdness & Mutations

Your body is rotting away.
You thrive on raw meat.
You are immune to poison.
You have sharp fingernails.
You are carnivorous and can eat meat at any time.
Your flesh is cold resistant. (rC+)
You are immune to negative energy. (rN+++)
You do not regenerate when monsters are visible.
You are immune to unholy pain and torment.
You can survive without breathing.


Message History

The bullfrog hits you but does no damage.
Your skin crawls.
You feel resistant to hostile enchantments.
You feel somewhat more hungry. The bullfrog closely misses you.
The bullfrog releases a deep croak.
The bullfrog hits you but does no damage.
You feel the effects of Trog's Hand fading.
The bullfrog hits you.
* * * LOW HITPOINT WARNING * * *
You punch the bullfrog!
You kill the bullfrog!
Trog accepts your kill.
Your skin stops crawling.
You feel less resistant to hostile enchantments.
Quivering
M - 8 needles of confusion for throwing.
You punch the two-headed ogre!
The two-headed ogre is moderately wounded.
The two-headed ogre misses you.
The two-headed ogre hits you with a giant club!
You die...

.#.................#...#.........
.#.................#...#.........
## .###...#####+###########....##
..###...##.....# #....#
................# ......#
................# ........
.............o..# ........
..............O.# .......
########..##..##@#
.......########### .......#
.......# .......#
.....<.#############
...................#
..............%....#
...................#


You could see a two-headed ogre and an orc.

Vanquished Creatures
  Pikel (D:6)
  A hippogriff (D:8)
  The ghost of tof the Poker, an amateur HOMo (D:3)
  Duvessa (D:7)
  An ice beast (D:6)
  A slave (D:6)
  An ogre (D:8)
  A necrophage (D:6)
  A phantom (D:4)
  2 bullfrogs
  Dowan (D:7)
  A scorpion (D:4)
  A water moccasin zombie (D:6)
  A howler monkey (D:4)
  A crimson imp (D:7)
  2 jellies
  A quasit (D:7)
  A bullfrog zombie (D:6)
  A hound (D:8)
  4 orc wizards
  2 orc priests
  Jessica (D:3)
  3 iguanas
  4 worker ants
  A hound zombie (D:5)
  A hound skeleton (D:8)
  A howler monkey zombie (D:5)
  9 adders
  An ooze (D:1)
  An adder skeleton (D:6)
  5 worms
  3 dart slugs
  3 leopard geckos
  27 orcs
  10 bats
  5 giant cockroaches
  7 goblins
  8 hobgoblins
  18 jackals
  2 quokkas
  4 frilled lizards
  A jackal zombie (D:5)
  A kobold (D:3)
  A leopard gecko skeleton (D:6)
  A quokka skeleton (D:5)
  13 rats
158 creatures vanquished.

Notes
Turn   | Place    | Note
-------+----------+-------------------------------------------
     0 | D:1      | Romche the Ghoul Monk began the quest for the Orb.
     0 | D:1      | Reached XP level 1. HP: 19/19 MP: 0/0
   199 | D:1      | Reached XP level 2. HP: 22/25 MP: 1/1
   856 | D:2      | Reached skill level 4 in Unarmed Combat
   856 | D:2      | Reached XP level 3. HP: 26/33 MP: 2/2
  1424 | D:2      | Reached XP level 4. HP: 37/40 MP: 3/3
  1846 | D:2      | Noticed a moth of wrath
  1849 | D:2      | Found a bloodstained altar of Trog.
  2126 | D:2      | Became a worshipper of Trog the Wrathful
  2126 | D:2      | Reached * piety under Trog
  2126 | D:2      | Reached ** piety under Trog
  2860 | D:3      | Noticed tof's ghost (amateur HOMo)
  2901 | D:3      | Killed tof's ghost
  2901 | D:3      | Reached skill level 5 in Unarmed Combat
  2901 | D:3      | Reached XP level 5. HP: 31/46 MP: 4/4
  2901 | D:3      | Reached XP level 6. HP: 35/52 MP: 5/5
  3078 | D:3      | Noticed Jessica
  3094 | D:3      | Killed Jessica
  3094 | D:3      | Reached skill level 6 in Unarmed Combat
  3187 | D:3      | Found a shattered altar of Ashenzari.
  3500 | D:4      | Noticed a phantom
  3541 | D:4      | Killed a phantom
  3717 | D:4      | Reached XP level 7. HP: 10/58 MP: 6/6
  4049 | D:4      | Reached skill level 7 in Unarmed Combat
  4678 | D:5      | Entered Level 5 of the Dungeon
  5456 | D:5      | Reached *** piety under Trog
  6283 | D:6      | Reached skill level 8 in Unarmed Combat
  6283 | D:6      | Reached XP level 8. HP: 45/65 MP: 7/7
  6529 | D:6      | Found a shadowy altar of Dithmenos.
  6574 | D:6      | Reached skill level 5 in Fighting
  6652 | D:6      | Noticed Pikel
  6689 | D:6      | Killed Pikel
  6689 | D:6      | Reached skill level 5 in Dodging
  6689 | D:6      | Reached skill level 9 in Unarmed Combat
  7278 | D:7      | Noticed Duvessa
  7282 | D:7      | Noticed Dowan
  7299 | D:7      | Killed Duvessa
  7299 | D:7      | Reached skill level 10 in Unarmed Combat
  7299 | D:7      | Reached XP level 9. HP: 37/74 MP: 8/8
  7318 | D:7      | Killed Dowan
  7499 | D:7      | Found Hutifir's Book Shoppe.
  8184 | D:7      | Found a staircase to the Ecumenical Temple.
  8195 | Temple   | Entered the Ecumenical Temple
  8867 | D:8      | Noticed a two-headed ogre
  8884 | D:8      | HP: 2/75 [two-headed ogre/giant club (17)]
  8916 | D:8      | Slain by a two-headed ogre

Skill      XL: |  1  2  3  4  5  6  7  8 |
---------------+-------------------------+-----
Dodging        | 3 4 5 |  5.7
Unarmed Combat | 4 5 6 8 10 | 10.9
Fighting       | 4 5 |  5.8
Stealth        | 3 4 |  4.5

Action                   |  1- 3 |  4- 6 |  7- 9 || total
-------------------------+-------+-------+-------++-------
Melee: Unarmed           |   114 |   212 |   355 ||   681
       Punch             |       |     4 |    12 ||    16
Invok: Trog's Hand       |       |     5 |     9 ||    14
       Burn Spellbooks   |       |       |     1 ||     1
Evoke: Wand              |       |       |     1 ||     1
  Use: Potion            |       |     4 |     2 ||     6
       Scroll            |       |     1 |     3 ||     4
 Stab: Sleeping          |     1 |     2 |     2 ||     5
       Distracted        |       |       |     2 ||     2
  Eat: Chunk             |     3 |     8 |    11 ||    22
       Meat ration       |       |     1 |     2 ||     3
Armor: Robe              |    15 |    30 |    27 ||    72
       Animal skin       |       |       |    19 ||    19
Dodge: Dodged            |    79 |   143 |   186 ||   408
